 Dungeon Crawl Stone Soup version 0.21-a0-401-g0b6bec4 (webtiles) character file.

49 Bigman22jr the Covered (level 3, -5/24 HPs)
             Began as a Gargoyle Fighter on Oct 23, 2017.
             Splashed by a jelly's acid (7 damage)
             ... on level 1 of the Dungeon on Oct 26, 2017.
             The game lasted 00:19:14 (1373 turns).

Bigman22jr the Covered (Gargoyle Fighter)           Turns: 1373, Time: 00:19:21

Health: -5/24      AC:  6    Str: 19    XL:     3   Next: 77%
Magic:  3/3        EV:  7    Int: 11    God:
Gold:   36         SH:  9    Dex: 10    Spells: 2/2 levels left

rFire    . . .     SeeInvis .   l - +0 spear
rCold    . . .     Gourm    .   c - +0 shield
rNeg     + . .     Faith    .   b - +0 scale mail
rPois    ∞         Spirit   .   (no helmet)
rElec    +         Reflect  .   (no cloak)
rCorr    .         Harm     .   (no gloves)
MR       .....                  (no boots)
Stlth    ..........             (no amulet)
HPRegen  0.08/turn              o - +3 ring of intelligence
MPRegen  0.08/turn              (no ring)

@: corroded
A: negative energy resistance 1, electricity resistance, unbreathing,
petrification resistance, rot immunity, AC +3
a: no special abilities


You were on level 1 of the Dungeon.
You were hungry.

You visited 1 branch of the dungeon, and saw 2 of its levels.

You collected 36 gold pieces.

Inventory:

Hand Weapons
 a - a +0 flail
 j - a +0 dagger
 l - a +0 spear (weapon)
 p - a +0 hunting sling
Armour
 b - a +0 scale mail (worn)
 c - a +0 shield (worn)
 k - a +0 ring mail
 n - a +0 scale mail
Jewellery
 o - a +3 ring of intelligence (left hand)
Scrolls
 e - a scroll of enchant armour {unknown}
 g - 2 scrolls of remove curse {unknown}
 h - 2 scrolls of identify {unknown}
Potions
 d - a potion of might
 q - a potion of haste {unknown}
Comestibles
 f - a bread ration
 i - 3 chunks of flesh
 m - a royal jelly


   Skills:
 + Level 3.7 Fighting
 - Level 2.3 Maces & Flails
 * Level 1.3 Polearms
 + Level 3.7 Armour
 + Level 3.7 Shields


You had 2 spell levels left.
You didn't know any spells.

Dungeon Overview and Level Annotations

Branches:
Dungeon (2/15)

Altars:


Innate Abilities, Weirdness & Mutations

You are resistant to torment.
Your stone body is resilient. (AC +3)
You are immune to poison.
You resist negative energy. (rN+)
You are resistant to electric shocks. (rElec)
You can survive without breathing.
You are immune to petrification.
You are immune to rotting.


Message History

The jelly barely misses you.
You hit the jelly.
Your hands burn!
The jelly is moderately wounded.
You block the jelly's attack.
You hit the jelly.
Your hands burn!
The jelly is heavily wounded.
The jelly closely misses you.
You hit the jelly.
Your hands burn!
* * * LOW HITPOINT WARNING * * *
The jelly is severely wounded.
The giant cockroach waves its antennae.
The jelly hits you but does no damage.
The rat twitches its whiskers.
You hit the jelly. The acid corrodes you!
Your hands burn!
* * * LOW HITPOINT WARNING * * *
The jelly is almost dead.
The jelly hits you.
* * * LOW HITPOINT WARNING * * *
You are splashed with acid!
The acid burns!
You die... )....####.............##.# #.... ............##.........#.#######. ..##.###.....................##.. ..##.# #.###############.###.#... .....# #.#.............#..##.##.. #.######.# ...[wsws... #.....###. #.# #..# .srhrss

#.....# #.
#.#####..#######J#######.....# #.
#........#......@......#.....###.
#####.##.'⌠....###....⌠'.........
#####.##.#......<......#.....####
...##.##.#..⌠...>)..⌠..#.....#
...##.##.###'#######'###..#######
...##.##.........................
......##.###.#.##...#.####.######
...............##.#.#.# #.#
......######........#.# #.#


You could see 2 worms, a jelly, a jackal, 5 giant cockroaches and 2 rats.

Vanquished Creatures
  5 oozes (D:1)
  2 dart slugs (D:1)
  2 leopard geckos (D:1)
  2 giant cockroaches (D:1)
  4 goblins (D:1)
  2 jackals (D:1)
  A bat (D:1)
  2 frilled lizards (D:1)
  3 rats (D:1)
23 creatures vanquished.

Notes
Turn   | Place    | Note
-------+----------+-------------------------------------------
     0 | D:1      | Bigman22jr the Gargoyle Fighter began the quest for the Orb.
     0 | D:1      | Reached XP level 1. HP: 14/14 MP: 1/1
     3 | D:1      | Found a runed door.
   691 | D:1      | Reached XP level 2. HP: 19/19 MP: 2/2
  1336 | D:1      | Reached XP level 3. HP: 23/23 MP: 3/3
  1345 | D:1      | Reached skill level 1 in Polearms
  1373 | D:1      | Splashed by a jelly's acid

Vault maps used:
D:1:      dpeg_arrival_caged_fury
D:2:      first_bread

Skill      XL: |  1  2  3 |
---------------+----------+-----
Polearms       | 1 |  1.3
Fighting       | |  3.7
Maces & Flails | |  2.3
Armour         | |  3.7
Shields        | |  3.7

Action                   || total
-------------------------++-------
Melee: Flail             ||    33
       Spear             ||    71
  Eat: Chunk             ||     1
Armor: Scale mail        ||    40
Dodge: Dodged            ||    29
Block: Shield            ||    37

Table legend:
 A = Spawn XP
 B = Non-spawn XP
 C = Spawn XP percentage of total XP
 D = Spawn monster count
 E = Non-spawn monster count
 F = Spawn count percentage of total count
 G = Total turns spent on level
                    A         B        C        D         E        F      G
               +---------+---------+-------+---------+---------+-------+---------
         Total |       0 |      71 |   0.0 |       0 |      23 |   0.0 |  1373
               +---------+---------+-------+---------+---------+-------+---------
           D:1 |       0 |      71 |   0.0 |       0 |      23 |   0.0 |  1369
               +---------+---------+-------+---------+---------+-------+---------
